 Dungeon Sprint DCSS version 0.29.1-1-gd02db6906a (webtiles) character file.

Game seed: 15063342872149941031

28412 Groucho the Imperceptible (level 13, -32/72 HPs)
             Began as a Spriggan Enchanter on Oct 9, 2022.
             Was the Champion of Dithmenos.
             Killed from afar by a golden dragon (45 damage)
             ... with a bolt of fire
             ... in the Dungeon (Sprint II: "The Violet Keep of Menkaure").
             The game lasted 00:22:36 (3948 turns).

Groucho the Imperceptible (Spriggan Enchanter)      Turns: 3948, Time: 00:22:37

Health: -32/72     AC:  5    Str:  8    XL:     13   Next: 9%
Magic:  29/35      EV: 27    Int: 16    God:    Dithmenos [******]
Gold:   2464       SH:  0    Dex: 17    Spells: 33/46 levels left

rFire   . . .      SeeInvis +   j - +1 rapier (speed)
rCold   + . .      Faith    .   (no shield)
rNeg    + . .      Spirit   .   h - +0 robe of the Hills {rPois rC+ rN+ Slay+2}
rPois   +          Reflect  .   (helmet restricted)
rElec   .          Harm     .   H - +0 cloak
rCorr   .          Rampage  .   (gloves unavailable)
Will    ++...      NoTele   +   (boots unavailable) Stlth ********++
                                (no amulet)
HPRegen 0.22/turn               b - ring of flight
MPRegen 0.24/turn               (no ring)

@: flying, wreathed by umbra, very quick
A: very small, no large weapons, unfitting armour, see invisible, speed 3,
iridescent scales 1
a: Renounce Religion, Shadow Step, Shadow Form


You were in the Dungeon.
You worshipped Dithmenos.
Dithmenos was exalted by your worship.
You visited 1 branch You collected 3187 gold pieces.
You spent 723 gold pieces at shops.

Inventory:

Hand Weapons
 a - a +1 dagger
 j - a +1 rapier of speed (weapon)
Armour
 h - the +0 robe of the Hills (worn) {rPois rC+ rN+ Slay+2}
   (You bought it in a shop in the Dungeon)

   Slay:      It affects your accuracy & damage with ranged weapons and melee
   (+2).
   rC:        It protects you from cold.
   rPois:     It protects you from poison.
   rN:        It protects you from negative energy.
 k - a scarf of invisibility
 G - +1 shadow dragon scales
 H - a +0 cloak (worn)
Jewellery
 b - a ring of flight (left hand)
 n - a +6 ring of strength
 s - a ring of positive energy
 t - a ring of fire
 u - a ring of poison resistance
 w - a +6 ring of strength
 C - a +4 ring of evasion
 E - a +6 ring of dexterity
 J - a +6 ring of strength
Scrolls
 e - a scroll of torment {unknown}
 i - a scroll of blinking
 q - 2 scrolls of enchant armour {unknown}
 r - a scroll of identify {unknown}
 v - a scroll of fear {unknown}
 y - a scroll of amnesia {unknown}
 z - a scroll of magic mapping {unknown}
 A - a scroll of immolation {unknown}
 B - 2 scrolls of vulnerability {unknown}
 F - a scroll of acquirement {unknown}
 I - 2 scrolls of butterflies {unknown}
Potions
 d - 4 potions of curing
 f - 4 potions of haste
 g - 5 potions of magic
 l - 2 potions of cancellation {unknown}
 m - 6 potions of flight {unknown}
 o - 4 potions of resistance {unknown}
 p - 11 potions of mutation
 x - 3 potions of lignification {unknown}
 D - a potion of experience {unknown}


   Skills:
 + Level 10.2 Fighting
 + Level 13.4 Short Blades
 + Level 14.6 Dodging
 + Level 25.3 Stealth
 + Level 17.1 Spellcasting
 - Level 14.0 Hexes
 * Level 19.6 Evocations


You had 33 spell levels left.
You knew the following spells:

 Your Spells              Type           Power      Damage    Failure   Level
a - Ensorcelled Hibernat  Hex/Ice        72%        N/A       1%          2
b - Confusing Touch       Hex            55%        N/A       1%          3
c - Dazzling Flash        Conj/Hex       72%        N/A       1%          3
d - Tukima's Dance        Hex            55%        N/A       1%          3
e - Blink                 Tloc           26%        N/A       7%          2

Your spell library contained the following spells:

 Spells                   Type           Power      Damage    Failure   Level
 Poisonous Vapours        Pois/Air       26%        N/A       7%          2
 Silence                  Hex/Air        18%        N/A       7%          5
 Lesser Beckoning         Tloc           13%        N/A       13%         3
 Corpse Rot               Necr/Pois/Air  13%        N/A       41%         4
 Agony                    Necr           13%        N/A       77%         5
 Manifold Assault         Tloc           13%        N/A       77%         5


Dungeon Overview and Level Annotations

Branches:
Dungeon (1/1)

Altars:
Cheibriados
Dithmenos
Elyvilon
Fedhas
Gozag
Hepliaklqana
Kikubaaqudgha
Makhleb
Nemelex Xobeh
Okawaru
Qazlal
Ru
Sif Muna
Trog
Uskayaw
Vehumet
Wu Jian
Xom
Yredelemnul
Zin
The Shining One
Jiyva
Lugonu

Shops:
D [(:[[?=!:=[*!?(

Annotations:
D exclusions: obsidian statue and oklob plant


Innate Abilities, Weirdness & Mutations

You are very small and have problems with some larger weapons.
You are too small for most types of armour.
You have supernaturally acute eyesight. (SInv)
You cover ground extremely quickly. (Speed+++)
You are partially covered in iridescent scales. (AC +2)


Message History

Kirke is no longer blind.
Kirke misses you.
You puncture Kirke!
Kirke is lightly wounded.
Your shadow hits Kirke with a rapier.
You catch the helpless Kirke completely off-guard!
You stick Kirke like a pincushion!!!
Kirke is severely wounded.
Your shadow hits Kirke with a rapier. The golden dragon closely misses you.
The golden dragon barely misses you. The golden dragon tramples you.
You are shoved backwards!
You strike the helpless Kirke from behind!
You perforate Kirke like a sieve!!!
You kill Kirke!
Dithmenos accepts your kill.
Unknown command.
Unknown command.
The golden dragon breathes cold at you. The bolt of cold hits you! You resist.
* * * LOW HITPOINT WARNING * * *
Okay, then.
Okay, then.
Okay, then.
Okay, then.
Okay, then.
Keep disrobing?
You start removing your armour.
You continue taking off your +0 cloak.
The elephant completely misses you. The elephant misses you.
The golden dragon closely misses you. x2; The golden dragon misses you.
You continue taking off your +0 cloak.
The deep elf high priest shouts!
The golden dragon completely misses you.
The golden dragon claws you.
* * * LOW HITPOINT WARNING * * *
The golden dragon closely misses you. The elephant completely misses you. x2
The yaktaur captain closely misses you.
You continue taking off your +0 cloak.
The golden dragon breathes fire at you. The bolt of fire hits you!!!
Ouch! That really hurt!
You die...

.D$cKz.~## ≈
############~~#+++#
###########~~~......
##.......∩#~~~~.##+##
##∩.....∩.#~~~~##...##
##.∩...∩.∩#~~~~#..#..#
##∩.∩.∩.∩.#~~####.#.##
##...∩D∩.[#e##.###'###
##..∩@YK§§#K#.####.##.
##...⌠c§§§§§'##.'.<.'#
##.....§§§#§#)..##.##.
#▓▓▓▓▓▓▓###~##.###'###
##$xs######~~####.#.##
#!)x#l ##~~~#†.#††#
#∩P$+l #'#~###.###
#!.$#$# #.#~~##+##~
#[?s ##§ ####~~~~~~~


You could see a golden dragon (catching breath), a yaktaur captain, an elephant,
an oklob plant, a deep elf high priest, a kobold demonologist, 2 unseen horrors,
2 wyverns and a redback.

Vanquished Creatures
  A hellephant (D)
  A deep elf blademaster (D)
  A deep elf master archer (D)
  A kraken (D)
  2 sphinxes (D)
  Kirke (D)
  A draconian shifter (D)
  A crystal guardian (D)
  An ice dragon (D)
  A great orb of eyes (D)
  2 boulder beetles (D)
  A centaur warrior (D)
  A death yak (D)
  Sonja (D)
  A skeletal warrior (D)
  2 deep trolls (D)
  2 death drakes (D)
  A glowing orange brain (D)
  A harpy (D)
  12 shining eyes (D)
  An eye of devastation (D)
  A cane toad (D)
  A yaktaur (D)
  5 polar bears (D)
  A hornet (D)
  3 slime creatures (D)
  6 flying skulls (D)
  3 wyverns (D)
  A vampire mosquito (D)
  Menkaure (D)
  4 water moccasins (D)
  10 floating eyes (D)
  2 swamp drakes (D)
  2 black bears (D)
  4 necrophages (D)
  4 scorpions (D)
  9 electric eels (D)
  A spectral adder (D)
  3 worms (D)
  A spectral jackal (D)
98 creatures vanquished.

Vanquished Creatures (others)
  A black bear (D)
  4 tentacles (D)
5 creatures vanquished.

Grand Total: 103 creatures vanquished

Notes
Turn   | Place    | Note
-------+----------+-------------------------------------------
     0 | D        | Groucho the Spriggan Enchanter began the quest for the Orb.
     0 | D        | Reached XP level 1. HP: 9/9 MP: 5/5
     1 | D        | Noticed a necrophage
     1 | D        | Noticed a necrophage
     1 | D        | Noticed a necrophage
     1 | D        | Noticed a necrophage
     6 | D        | Killed a necrophage
     7 | D        | Reached skill level 8 in Stealth
     7 | D        | Reached skill level 5 in Hexes
     7 | D        | Reached XP level 2. HP: 12/15 MP: 6/8
     7 | D        | Reached XP level 3. HP: 14/18 MP: 6/9
    11 | D        | Killed a necrophage
    12 | D        | Reached skill level 9 in Stealth
    12 | D        | Reached skill level 5 in Spellcasting
    12 | D        | Reached XP level 4. HP: 20/24 MP: 7/12
    17 | D        | Killed a necrophage
    18 | D        | Reached skill level 5 in Short Blades
    18 | D        | Reached skill level 11 in Stealth
    18 | D        | Reached XP level 5. HP: 24/28 MP: 8/14
   419 | D        | Learned a level 2 spell: Ensorcelled Hibernation
   423 | D        | Learned a level 3 spell: Confusing Touch
   427 | D        | Learned a level 3 spell: Dazzling Flash
   431 | D        | Learned a level 3 spell: Tukima's Dance
   444 | D        | Noticed a boulder beetle
   444 | D        | Noticed a boulder beetle
   452 | D        | Reached skill level 12 in Stealth
   452 | D        | Reached XP level 6. HP: 33/33 MP: 15/17
   453 | D        | Reached skill level 13 in Stealth
   456 | D        | Reached skill level 14 in Stealth
   488 | D        | Found Wavuc's Antique Armour Emporium.
   488 | D        | Found Metage's Distillery.
   488 | D        | Found Jacrelae's Distillery.
   488 | D        | Found Ableasoe's Weapon Emporium.
   488 | D        | Found Tubbe's Jewellery Shoppe.
   488 | D        | Found Vailuufe's Assorted Antiques.
   488 | D        | Found Semmurch's Magic Scroll Shoppe.
   488 | D        | Noticed a water moccasin
   489 | D        | Found Exaumewo's Book Emporium.
   489 | D        | Found Gailin's Jewellery Shoppe.
   503 | D        | Killed a boulder beetle
   504 | D        | Reached skill level 17 in Stealth
   504 | D        | Reached skill level 10 in Spellcasting
   504 | D        | Reached skill level 10 in Hexes
   504 | D        | Reached XP level 7. HP: 37/37 MP: 17/21
   504 | D        | Reached XP level 8. HP: 42/42 MP: 18/23
   506 | D        | Killed a boulder beetle
   507 | D        | Reached skill level 19 in Stealth
   527 | D        | Found Qownixet's Magic Scroll Shoppe.
   527 | D        | Found Xaow's Antique Armour Emporium.
   527 | D        | Noticed Menkaure
   527 | D        | Noticed an unseen horror
   554 | D        | Killed Menkaure
   555 | D        | Reached skill level 20 in Stealth
   556 | D        | Found Qavo's Antique Armour Shoppe.
   556 | D        | Noticed an unseen horror
   556 | D        | Noticed an oklob plant
   557 | D        | Found Leunicry's Antique Weapon Shoppe.
   557 | D        | Found Xiuttibb's Book Shoppe.
   557 | D        | Found Weleitt's Antique Armour Emporium.
   570 | D        | Bought a warped robe for 171 gold pieces
   570 | D        | Identified the +0 robe of the Hills {rPois rC+ rN+ Slay+2}
                  | (You bought it in a shop in the Dungeon)
   593 | D        | Bought a ring of flight for 210 gold pieces
   612 | D        | Bought a runed rapier for 182 gold pieces
   614 | D        | Bought a runed scarf for 160 gold pieces
   650 | D        | Found a snail-covered altar of Cheibriados.
   651 | D        | Found a shadowy altar of Dithmenos.
   651 | D        | Found a viscous altar of Jiyva.
   652 | D        | Found a white marble altar of Elyvilon.
   652 | D        | Found an ancient bone altar of Kikubaaqudgha.
   653 | D        | Found a blossoming altar of Fedhas.
   653 | D        | Found a corrupted altar of Lugonu.
   653 | D        | Found a shimmering blue altar of Sif Muna.
   700 | D        | Found an opulent altar of Gozag.
   700 | D        | Found a burning altar of Makhleb.
   700 | D        | Found a bloodstained altar of Trog.
   700 | D        | Found a hazy altar of Hepliaklqana.
   700 | D        | Found a sacrificial altar of Ru.
   700 | D        | Found a shimmering altar of Xom.
   702 | D        | Found a sparkling altar of Nemelex Xobeh.
   702 | D        | Found a hide-covered altar of Uskayaw.
   703 | D        | Found a basalt altar of Yredelemnul.
   704 | D        | Found an iron altar of Okawaru.
   704 | D        | Found a radiant altar of Vehumet.
   704 | D        | Found a glowing silver altar of Zin.
   704 | D        | Noticed a hornet
   704 | D        | Noticed a polar bear
   705 | D        | Found a stormy altar of Qazlal.
   705 | D        | Found an ornate altar of the Wu Jian Council.
   705 | D        | Found a glowing golden altar of the Shining One.
   705 | D        | Noticed a yaktaur
   710 | D        | Became a worshipper of Dithmenos the Shadowed
   827 | D        | Noticed a polar bear
   827 | D        | Noticed a polar bear
   828 | D        | Killed a polar bear
   829 | D        | Reached XP level 9. HP: 39/45 MP: 25/25
   837 | D        | Killed a polar bear
   847 | D        | Reached * piety under Dithmenos
   854 | D        | Killed a yaktaur
   855 | D        | Reached skill level 5 in Evocations
   856 | D        | Killed a polar bear
   857 | D        | Reached skill level 5 in Dodging
  1106 | D        | Noticed a death drake
  1109 | D        | Noticed an ice dragon
  1110 | D        | Killed an ice dragon
  1110 | D        | Reached ** piety under Dithmenos
  1111 | D        | Reached skill level 5 in Fighting
  1226 | D        | Noticed a death drake
  1226 | D        | Noticed a crystal guardian
  1230 | D        | Killed a death drake
  1231 | D        | Reached skill level 21 in Stealth
  1231 | D        | Reached XP level 10. HP: 40/51 MP: 25/27
  1231 | D        | Killed a crystal guardian
  1231 | D        | Reached *** piety under Dithmenos
  1233 | D        | Killed a death drake
  1250 | D        | Reached skill level 10 in Evocations
  1251 | D        | Reached **** piety under Dithmenos
  1259 | D        | Noticed a deep elf master archer
  1265 | D        | Killed a deep elf master archer
  1271 | D        | Noticed a great orb of eyes
  1274 | D        | Killed a great orb of eyes
  1275 | D        | Reached skill level 22 in Stealth
  1302 | D        | Noticed a kraken
  1313 | D        | Killed a kraken
  1314 | D        | Reached XP level 11. HP: 47/58 MP: 28/30
  1450 | D        | Reached ***** piety under Dithmenos
  1460 | D        | Noticed a deep troll
  1460 | D        | Noticed a deep troll
  1463 | D        | Killed a deep troll
  1464 | D        | Killed a deep troll
  1465 | D        | Reached skill level 10 in Dodging
  1477 | D        | Reached skill level 10 in Short Blades
  1512 | D        | Noticed a sphinx
  1513 | D        | Noticed a sphinx
  1515 | D        | Killed a sphinx
  1516 | D        | Killed a sphinx
  1517 | D        | Reached skill level 23 in Stealth
  1558 | D        | Noticed an obsidian statue
  1647 | D        | Noticed a death yak
  1658 | D        | Reached ****** piety under Dithmenos
  1663 | D        | Killed a death yak
  1664 | D        | Reached skill level 15 in Spellcasting
  1667 | D        | Reached skill level 15 in Evocations
  2251 | D        | Noticed a purple draconian shifter
  2252 | D        | Noticed a hellephant
  2252 | D        | Noticed a glowing orange brain
  2252 | D        | Noticed Sonja
  2253 | D        | Killed Sonja
  2256 | D        | Killed a glowing orange brain
  2259 | D        | Killed a purple draconian shifter
  2260 | D        | Reached XP level 12. HP: 60/65 MP: 30/32
  2264 | D        | Killed a hellephant
  2554 | D        | Noticed a deep elf blademaster
  2562 | D        | Reached skill level 24 in Stealth
  2581 | D        | Killed a deep elf blademaster
  3032 | D        | Gained mutation: You are frail. (-10% HP) [a shining eye]
  3036 | D        | Gained mutation: You are dopey. (Int -2) [a shining eye]
  3039 | D        | Gained mutation: Armour fits poorly on your strangely
                  | shaped body. [a shining eye]
  3043 | D        | Paralysed by a floating eye for 2 turns
  3044 | D        | Gained mutation: You are weak. (Str -2) [a shining eye]
  3050 | D        | Gained mutation: Your body sometimes deteriorates upon
                  | taking damage. [a shining eye]
  3052 | D        | Gained mutation: You are very weak. (Str -4) [a shining
                  | eye]
  3053 | D        | Paralysed by a floating eye for 4 turns
  3053 | D        | Gained mutation: Your magical capacity is low. (-10% MP) [a
                  | shining eye]
  3055 | D        | Gained mutation: You occasionally lose the ability to drink
                  | potions when taking damage. [a shining eye]
  3056 | D        | Gained mutation: You do not regenerate when monsters are
                  | visible. [a shining eye]
  3065 | D        | Gained mutation: You sometimes lose the ability to drink
                  | potions when taking damage. [a shining eye]
  3065 | D        | Gained mutation: Your body often deteriorates upon taking
                  | damage. [a shining eye]
  3066 | D        | Paralysed by a floating eye for 2 turns
  3067 | D        | Gained mutation: Potions are less effective at restoring
                  | your health. [a shining eye]
  3072 | D        | Gained mutation: You are very dopey. (Int -4) [a shining
                  | eye]
  3075 | D        | Lost mutation: You are frail. (-10% HP) [a shining eye]
  3076 | D        | Gained mutation: You sometimes lose your temper in combat.
                  | [a shining eye]
  3078 | D        | Gained mutation: Your magical capacity is very low. (-20%
                  | MP) [a shining eye]
  3086 | D        | Gained mutation: You are frail. (-10% HP) [a shining eye]
  3092 | D        | Lost mutation: You are very dopey. (Int -4) [a shining eye]
  3093 | D        | Gained mutation: Your magical capacity is extremely low.
                  | (-30% MP) [a shining eye]
  3094 | D        | Gained mutation: You are clumsy. (Dex -2) [a shining eye]
  3095 | D        | Lost mutation: Your body often deteriorates upon taking
                  | damage. [a shining eye]
  3103 | D        | Gained mutation: Your body often deteriorates upon taking
                  | damage. [a shining eye]
  3106 | D        | Gained mutation: You are very frail. (-20% HP) [a shining
                  | eye]
  3110 | D        | Gained mutation: You have an uncontrollable temper. [a
                  | shining eye]
  3111 | D        | Lost mutation: Potions are less effective at restoring your
                  | health. [a shining eye]
  3111 | D        | Gained mutation: You are extremely frail. (-30% HP) [a
                  | shining eye]
  3122 | D        | Gained mutation: Potions are less effective at restoring
                  | your health. [a shining eye]
  3128 | D        | Paralysed by a floating eye for 2 turns
  3129 | D        | Gained mutation: You occasionally lose the ability to read
                  | scrolls when taking damage. [a shining eye]
  3130 | D        | Gained mutation: Your spells are a little easier to cast,
                  | but a little less powerful. [a shining eye]
  3138 | D        | Reached skill level 25 in Stealth
  3146 | D        | Reached skill level 10 in Fighting
  3425 | D        | Learned a level 2 spell: Blink
  3428 | D        | Lost mutation: Your magical capacity is extremely low.
                  | (-30% MP) [potion of mutation]
  3428 | D        | Lost mutation: You are extremely frail. (-30% HP) [potion
                  | of mutation]
  3428 | D        | Gained mutation: You are partially covered in iridescent
                  | scales. (AC +2) [potion of mutation]
  3429 | D        | Lost mutation: You are dopey. (Int -2) [potion of mutation]
  3429 | D        | Lost mutation: You are very weak. (Str -4) [potion of
                  | mutation]
  3429 | D        | Lost mutation: You have an uncontrollable temper. [potion
                  | of mutation]
  3429 | D        | Lost mutation: Potions are less effective at restoring your
                  | health. [potion of mutation]
  3429 | D        | Gained mutation: You are mostly covered in iridescent
                  | scales. (AC +4) [potion of mutation]
  3432 | D        | Lost mutation: You are mostly covered in iridescent scales.
                  | (AC +4) [potion of mutation]
  3432 | D        | Lost mutation: You do not regenerate when monsters are
                  | visible. [potion of mutation]
  3432 | D        | Lost mutation: Your magical capacity is very low. (-20% MP)
                  | [potion of mutation]
  3432 | D        | Lost mutation: You are partially covered in iridescent
                  | scales. (AC +2) [potion of mutation]
  3432 | D        | Gained mutation: You are strong-willed. (Will+) [potion of
                  | mutation]
  3433 | D        | Lost mutation: You occasionally lose the ability to read
                  | scrolls when taking damage. [potion of mutation]
  3433 | D        | Lost mutation: Armour fits poorly on your strangely shaped
                  | body. [potion of mutation]
  3433 | D        | Lost mutation: Your magical capacity is low. (-10% MP)
                  | [potion of mutation]
  3434 | D        | Lost mutation: You are clumsy. (Dex -2) [potion of
                  | mutation]
  3434 | D        | Lost mutation: You sometimes lose your temper in combat.
                  | [potion of mutation]
  3434 | D        | Lost mutation: You are very frail. (-20% HP) [potion of
                  | mutation]
  3434 | D        | Gained mutation: You are partially covered in iridescent
                  | scales. (AC +2) [potion of mutation]
  3434 | D        | Gained mutation: You are somewhat resistant to further
                  | mutation. [potion of mutation]
  3435 | D        | Lost mutation: You are partially covered in iridescent
                  | scales. (AC +2) [potion of mutation]
  3435 | D        | Lost mutation: You are frail. (-10% HP) [potion of
                  | mutation]
  3435 | D        | Gained mutation: You sometimes lose your temper in combat.
                  | [potion of mutation]
  3436 | D        | Lost mutation: Your spells are a little easier to cast, but
                  | a little less powerful. [potion of mutation]
  3436 | D        | Lost mutation: You are somewhat resistant to further
                  | mutation. [potion of mutation]
  3436 | D        | Lost mutation: You sometimes lose the ability to drink
                  | potions when taking damage. [potion of mutation]
  3436 | D        | Gained mutation: You have a pair of small antennae on your
                  | head. [potion of mutation]
  3436 | D        | Gained mutation: You have a beak for a mouth. [potion of
                  | mutation]
  3437 | D        | Lost mutation: Your body often deteriorates upon taking
                  | damage. [potion of mutation]
  3437 | D        | Lost mutation: Your body sometimes deteriorates upon taking
                  | damage. [potion of mutation]
  3437 | D        | Lost mutation: You are strong-willed. (Will+) [potion of
                  | mutation]
  3437 | D        | Gained mutation: Your body sometimes deteriorates upon
                  | taking damage. [potion of mutation]
  3437 | D        | Gained mutation: You are agile. (Dex +4, Str/Int -1)
                  | [potion of mutation]
  3437 | D        | Gained mutation: You have a pair of antennae on your head.
                  | [potion of mutation]
  3438 | D        | Lost mutation: You have a beak for a mouth. [potion of
                  | mutation]
  3438 | D        | Lost mutation: You are agile. (Dex +4, Str/Int -1) [potion
                  | of mutation]
  3438 | D        | Gained mutation: Potions are less effective at restoring
                  | your health. [potion of mutation]
  3438 | D        | Gained mutation: Your flesh is cold resistant. (rC+)
                  | [potion of mutation]
  3439 | D        | Lost mutation: You have a pair of antennae on your head.
                  | [potion of mutation]
  3439 | D        | Lost mutation: Your flesh is cold resistant. (rC+) [potion
                  | of mutation]
  3439 | D        | Lost mutation: You are weak. (Str -2) [potion of mutation]
  3439 | D        | Gained mutation: Your flesh is cold resistant. (rC+)
                  | [potion of mutation]
  3440 | D        | Lost mutation: You have a pair of small antennae on your
                  | head. [potion of mutation]
  3440 | D        | Lost mutation: Your body sometimes deteriorates upon taking
                  | damage. [potion of mutation]
  3440 | D        | Gained mutation: Your spells are a little easier to cast,
                  | but a little less powerful. [potion of mutation]
  3440 | D        | Gained mutation: You have a pair of small antennae on your
                  | head. [potion of mutation]
  3440 | D        | Gained mutation: You expend magic power (3 MP) to
                  | strengthen your wands. [potion of mutation]
  3441 | D        | Lost mutation: You expend magic power (3 MP) to strengthen
                  | your wands. [potion of mutation]
  3441 | D        | Lost mutation: You have a pair of small antennae on your
                  | head. [potion of mutation]
  3441 | D        | Lost mutation: Your flesh is cold resistant. (rC+) [potion
                  | of mutation]
  3441 | D        | Gained mutation: You are clumsy. (Dex -2) [potion of
                  | mutation]
  3442 | D        | Lost mutation: You sometimes lose your temper in combat.
                  | [potion of mutation]
  3442 | D        | Lost mutation: Your spells are a little easier to cast, but
                  | a little less powerful. [potion of mutation]
  3442 | D        | Lost mutation: You are clumsy. (Dex -2) [potion of
                  | mutation]
  3442 | D        | Gained mutation: You are frail. (-10% HP) [potion of
                  | mutation]
  3442 | D        | Lost mutation: You are frail. (-10% HP) [potion of
                  | mutation]
  3443 | D        | Lost mutation: Potions are less effective at restoring your
                  | health. [potion of mutation]
  3443 | D        | Lost mutation: You occasionally lose the ability to drink
                  | potions when taking damage. [potion of mutation]
  3443 | D        | Gained mutation: You occasionally shout uncontrollably at
                  | your foes. [potion of mutation]
  3443 | D        | Gained mutation: You frequently scream uncontrollably at
                  | your foes. [potion of mutation]
  3444 | D        | Lost mutation: You frequently scream uncontrollably at your
                  | foes. [potion of mutation]
  3444 | D        | Lost mutation: You occasionally shout uncontrollably at
                  | your foes. [potion of mutation]
  3444 | D        | Gained mutation: Your magical capacity is low. (-10% MP)
                  | [potion of mutation]
  3444 | D        | Gained mutation: Your muscles are strong. (Str +4, Int/Dex
                  | -1) [potion of mutation]
  3444 | D        | Gained mutation: You have a pair of small horns on your
                  | head. [potion of mutation]
  3445 | D        | Lost mutation: Your magical capacity is low. (-10% MP)
                  | [potion of mutation]
  3445 | D        | Lost mutation: Your muscles are strong. (Str +4, Int/Dex
                  | -1) [potion of mutation]
  3445 | D        | Gained mutation: Your body sometimes deteriorates upon
                  | taking damage. [potion of mutation]
  3446 | D        | Lost mutation: You have a pair of small horns on your head.
                  | [potion of mutation]
  3446 | D        | Lost mutation: Your body sometimes deteriorates upon taking
                  | damage. [potion of mutation]
  3446 | D        | Gained mutation: You are partially covered in iridescent
                  | scales. (AC +2) [potion of mutation]
  3885 | D        | Noticed a centaur warrior
  3885 | D        | Noticed Kirke
  3885 | D        | Noticed a storm dragon
  3885 | D        | Noticed a yaktaur captain
  3905 | D        | Killed a centaur warrior
  3906 | D        | Reached XP level 13. HP: 72/72 MP: 33/35
  3919 | D        | Noticed a golden dragon
  3943 | D        | Killed Kirke
  3945 | D        | Noticed a bone dragon
  3948 | D        | Killed from afar by a golden dragon

Illustrated notes

Levels and vault maps discovered:
D:        the_violet_keep_of_menkaure [sprint2_stairs_cluster_1,
          sprint2_shoproom, sprint2_temple, sprint2_basic_supplies,
          sprint2_obstacle_7, sprint2_obstacle_3, sprint2_obstacle_4,
          sprint2_obstacle_5, sprint2_obstacle_1, sprint2_timed_cluster_1,
          sprint2_smallroom_cluster_1, sprint2_smallroom_final_cluster_1,
          sprint2_transparent_cluster_1, sprint2_second_timed_cluster_1,
          sprint2_sniper_area_1, sprint2_heavy_combat_area_1,
          sprint2_mutation_trap_area_1, sprint2_forest_area_1,
          sprint2_light_combat_area_1, sprint2_behind_water_1,
          sprint2_near_end_vault_1]

Skill      XL: |  1  2  3  4  5  6  7  8  9 10 11 12 |
---------------+-------------------------------------+-----
Fighting       | 2 3 4 5 7 8 10 | 10.2
Short Blades   | 3 4 5 7 9 11 13 | 13.4
Stealth        | 8 9 11 12 17 20 21 22 23 25 | 25.3
Spellcasting   | 4 5 7 10 11 12 14 15 17 | 17.1
Hexes          | 5 6 7 10 12 13 14 | 14.0
Dodging        | 3 6 9 12 14 | 14.6
Evocations     | 2 8 12 16 19 | 19.6

Action                   |  1- 3 |  4- 6 |  7- 9 | 10-12 | 13-15 || total
-------------------------+-------+-------+-------+-------+-------++-------
Melee: Dagger            |     8 |    25 |     6 |       |       ||    39
       Rapier            |       |       |    18 |   230 |    20 ||   268
       Punch             |       |       |     1 |     1 |       ||     2
 Cast: Confusing Touch   |       |     1 |     3 |       |     2 ||     6
       Ensorcelled Hiber |       |       |    11 |       |       ||    11
       Dazzling Flash    |       |       |       |       |     1 ||     1
 Abil: Evoke Invisibilit |       |       |     1 |     3 |       ||     4
  Use: Potion            |     1 |       |     1 |    22 |       ||    24
 Stab: Sleeping          |       |     7 |     8 |    39 |       ||    54
       Confused          |       |     1 |     4 |       |     2 ||     7
       Invisible         |       |       |       |    13 |     4 ||    17
Armor: Robe              |       |     2 |     1 |     5 |       ||     8
Dodge: Dodged            |     2 |     8 |    32 |    65 |    20 ||   127
